Cogmind - Beta 17 @@@ ROGUE MODE // 2026.07.28 @ 19:32:09 Player: TheLostLambda Result: Destroyed by G-67 Veteran with Plasma Rifle Performance ------------- Evolutions (5) 2500 Regions Visited (20) 4000 Robots Destroyed (169) 845 Value Destroyed (7327) 7327 Prototype IDs (36) 720 Alien Tech Used (0) 0 Bonus (5221) 5221 TOTAL SCORE: 20613 Bonus ------- High Alert Combat Kills 877 Follower Combat Kills 1296 Entered Garrisons 800 Used RIF Installer 2000 Aligned with FarCom 300 Friendly Fire -52 Cogmind --------- Core Integrity 0/1000 Matter 300/300 Energy 98/100 System Corruption 0% Temperature Cool (0) Movement Core (50) Location -4/Proximity Caves Parts ------- > --- POWER (2) -------- (None) > --- PROPULSION (5) --- (None) > --- UTILITY (7) ------ Makeshift Terrain Scan Processor 0b10 Decoder Chip [Scout] Makeshift Core Shielding > --- WEAPON (3) ------- (None) > --- INVENTORY (5) ---- Improved Transmission Jammer Relay Coupler [NC] (31) Relay Coupler [Grunt] (31) Autogun Autogun Peak State ------------ > --- POWER ------------ Micro Fission Core Light Antimatter Reactor > --- PROPULSION ------- Carbon-fiber Leg Flexi-carbon Leg Improved Hover Unit Antigrav System Antigrav System > --- UTILITY ---------- Medium Storage Unit Improved Melee Analysis Suite Advanced Melee Analysis Suite Improved Reaction Control System Improved Light Armor Plating Relay Coupler [NC] Relay Coupler [Grunt] > --- WEAPON ----------- Improved Remote Datajack Longsword +1 Heavy Pick > --- INVENTORY -------- Advanced Weight Redist. System Structural Scanner Microactuators Transmission Jammer Improved Transmission Jammer Relay Coupler [NC] Relay Coupler [NC] Relay Coupler [Grunt] Tesla Rifle Heavy Shock Bomb Launcher [Rating: 79] Favorites ----------- Power Improved Ion Engine Engine Improved Ion Engine Power Core Light Nuclear Core Reactor Light Antimatter Reactor Propulsion Gravmag System Treads Light Treads Leg Carbon-fiber Leg Wheel Wheel Hover Unit Gravmag System Flight Unit Xenon Bombardment Thruster Utility Medium Storage Unit Device Structural Scanner Storage Medium Storage Unit Processor Improved Melee Analysis Suite Hackware Relay Coupler [NC] Protection Improved Light Armor Plating Weapon Longsword +1 Energy Gun Improved EM Shotgun Ballistic Gun Light Assault Rifle Ballistic Cannon Heavy Assault Cannon Launcher Heavy Shock Bomb Launcher Special Weapon Improved Remote Datajack Impact Weapon Mace Slashing Weapon Longsword +1 Piercing Weapon Spear Special Melee Weapon Improved Datajack Build | -11 -10 -10 -9 -9 -9 -8 -8 -7 -7 -7 -7 -6 -6 -6 -6 -5 -5 -5 -5 -4 ------- Run | Yrd Mat Min Mat Min Exi Min Mat Fac Gar Fac Gar Fac Gar Fac Gar Fac Upp Upp War Pro Slots Evolved 10 | . . . 2 . . . 2 2 . . . 2 . . . 2 . . . . Power 1 | . . . . . . . . . . . . . . . . 1 . . . . Propulsion 3 | . . . . . . . 1 1 . . . . . . . 1 . . . . Utility 5 | . . . 2 . . . . 1 . . . 2 . . . . . . . . Weapon 1 | . . . . . . . 1 . . . . . . . . . . . . . Parts Attached 176 | 9 3 4 10 4 . . 24 11 6 6 16 6 8 8 33 6 12 9 . 1 Power 21 | 2 . . 1 . . . 2 2 1 . 3 1 . 2 5 1 1 . . . Engine 11 | 2 . . 1 . . . 2 1 . . . 1 . 1 2 . 1 . . . Core 9 | . . . . . . . . 1 1 . 3 . . 1 2 1 . . . . Reactor 1 | . . . . . . . . . . . . . . . 1 . . . . . Propulsion 45 | 2 . . 3 . . . 10 2 1 2 3 1 . 3 9 3 4 2 . . Treads 7 | 2 . . . . . . . . . 1 . . . . 3 . . 1 . . Leg 8 | . . . 2 . . . . . . . . . . . 6 . . . . . Wheel 6 | . . . . . . . 6 . . . . . . . . . . . . . Hover 17 | . . . . . . . 4 2 1 1 3 1 . 1 . 3 1 . . . Flight 7 | . . . 1 . . . . . . . . . . 2 . . 3 1 . . Utility 66 | 2 2 3 4 2 . . 7 4 2 2 9 2 7 2 10 . 4 3 . 1 Device 24 | 1 1 2 2 1 . . 4 2 . 2 2 . . 1 3 . 2 1 . . Storage 6 | 1 1 . . 1 . . 1 . . . . . . 1 . . 1 . . . Processor 9 | . . 1 1 . . . 1 1 1 . . 1 . . . . 1 2 . . Hackware 15 | . . . . . . . . . . . 6 1 5 . 3 . . . . . Protection 12 | . . . 1 . . . 1 1 1 . 1 . 2 . 4 . . . . 1 Artifact . | . . . . . . . . . . . . . . . . . . . . . Weapon 44 | 3 1 1 2 2 . . 5 3 2 2 1 2 1 1 9 2 3 4 . . Energy Gun 13 | 2 . 1 2 1 . . 2 1 . . . . . 1 3 . . . . . Energy Cannon . | . . . . . . . . . . . . . . . . . . . . . Ballistic Gun 13 | . 1 . . . . . 1 . . . . . . . 4 . 3 4 . . Ballistic Cannon 1 | . . . . . . . 1 . . . . . . . . . . . . . Launcher 6 | . . . . 1 . . . 1 1 . . 1 1 . 1 . . . . . Special Weapon 5 | 1 . . . . . . . . . 1 1 . . . 1 1 . . . . Impact Weapon 1 | . . . . . . . . . 1 . . . . . . . . . . . Slashing Weapon 2 | . . . . . . . 1 . . 1 . . . . . . . . . . Piercing Weapon 2 | . . . . . . . . . . . . 1 . . . 1 . . . . Special Melee Weapon 1 | . . . . . . . . 1 . . . . . . . . . . . . Unidentified Prototypes 11 | . . . 2 . . . 4 3 . . . 1 . 1 . . . . . . Parts Lost 62 | . 1 . . . . . 1 2 5 1 1 . 9 1 16 2 14 6 2 1 Power 6 | . . . . . . . . 1 1 . . . 1 . 2 . 1 . . . Propulsion 24 | . . . . . . . 1 . 3 . . . 4 1 5 . 7 2 . 1 Utility 17 | . . . . . . . . . 1 1 . . 3 . 5 2 2 1 2 . Weapon 15 | . 1 . . . . . . 1 . . 1 . 1 . 4 . 4 3 . . Highest Loss Streak 7 | . 1 . . . . . 1 1 3 1 1 . 3 1 7 2 6 3 2 1 To Critical Strikes . | . . . . . . . . . . . . . . . . . . . . . Average Backups 9 | 4 7 9 9 10 10 10 13 9 9 9 9 9 9 10 9 9 6 4 5 5 Power 1 | . 1 1 1 1 1 1 1 . . . . 1 1 2 1 . . . . . Propulsion . | 2 1 1 1 1 1 1 1 1 1 . . 1 . . . . . . . . Utility 5 | . 3 4 3 4 4 4 7 4 4 5 6 5 4 4 5 8 4 4 3 3 Weapon 2 | . 1 2 3 4 4 4 2 1 3 3 2 1 3 3 2 1 1 . 2 2 Tool/Special . | . . . . . . . . . . . . . . . . . . . . . Unused Backups 39 | . 4 3 2 . . . 11 3 1 1 4 2 1 1 1 . 1 1 . 3 Power 2 | . . . . . . . 1 1 . . . . . . . . . . . . Propulsion 6 | . 3 . . . . . 3 . . . . . . . . . . . . . Utility 20 | . 1 1 . . . . 5 2 . 1 3 1 . . 1 . 1 1 . 3 Weapon 11 | . . 2 2 . . . 2 . 1 . 1 1 1 1 . . . . . . Tool/Special . | . . . . . . . . . . . . . . . . . . . . . Average Slot Usage (%) 93 | . 100 100 99 100 100 100 97 99 97 92 99 99 91 95 92 95 68 37 25 20 Engine 5 | . 14 14 11 11 11 11 9 3 5 . . 5 . . 2 . . . . . Core 1 | . . . . . . . . 3 1 7 7 . 5 5 2 3 . . . . Treads 4 | . 28 28 5 . . . . . . . . . . . 4 . . 2 . . Leg 5 | . . . 16 22 22 22 1 . . . . . . . 12 19 3 . . . Wheel 1 | . . . . . . . 23 . . . . . . . . . . . . . Hover 10 | . . . . . . . 2 30 28 23 30 26 19 14 1 5 9 4 . . Device 12 | . 14 13 19 21 22 22 17 22 10 18 7 11 8 12 6 6 8 . 3 . Storage 8 | . 14 14 11 11 11 11 9 7 7 7 7 6 6 6 6 5 4 . . . Processor 9 | . . . 10 11 11 11 8 6 14 11 7 7 13 13 13 11 10 7 15 11 Hackware 4 | . . . . . . . . . . . 6 12 11 13 8 10 4 . . . Protection 2 | . . . 2 . . . 1 . 4 . 6 5 4 . 7 3 . . . 4 Energy Gun 9 | . 18 20 22 21 22 22 16 13 3 . . . . . 3 2 . . . . Ballistic Gun 1 | . . 7 . . . . . . . . . . . . 3 . 3 10 . . Special Weapon 2 | . 9 . . . . . . . . 6 7 5 4 6 2 5 4 . . . Slashing Weapon 4 | . . . . . . . 6 6 7 14 14 9 6 6 6 5 1 . . . Piercing Weapon 1 | . . . . . . . . . . . . 3 6 5 . 2 4 . . . Peak Build Rating 79 | 8 8 11 21 23 24 26 41 53 55 48 61 64 65 62 68 79 68 34 22 18 Average Rating 39 | 5 7 8 17 21 23 26 29 47 50 45 53 60 58 56 58 70 54 25 17 16 On Entrance 34 | . 8 7 11 21 23 24 26 36 53 45 48 58 63 53 59 68 69 24 22 12 Avg Prop Armor Cover (%) 7 | . . . 12 . . . 12 . 4 11 4 . . 8 3 8 9 8 16 18 Naked Turns 15 | . . . . . . . . . . . . . . . . . 15 . . . Heaviest Build 70 | 15 20 21 27 28 25 25 70 31 28 27 36 39 40 32 45 45 43 15 2 1 Greatest Support 70 | 40 40 40 40 30 30 30 42 36 34 40 40 44 44 36 70 70 29 28 3 3 Greatest Overweight (x) 3 | . . . 1 . . . 3 . 1 1 1 . 1 1 1 2 3 1 . . Average Overweight (x) . | . . . . . . . . . . . . . . . . . 1 . . . Largest Inventory Capacity 20 | 8 10 10 10 10 10 10 20 10 10 10 10 10 10 10 10 10 10 5 5 5 Average Capacity 10 | 7 8 10 10 10 10 10 15 10 10 10 10 10 10 10 10 10 9 5 5 5 Most Carried 20 | 8 8 10 10 10 10 10 20 10 10 10 10 10 10 10 10 10 7 5 5 5 Average Carried 9 | 4 7 9 9 9 9 10 14 9 9 9 9 9 9 9 9 9 6 4 5 5 Final Capacity 10 | 8 10 10 10 10 10 10 10 10 10 10 10 10 10 10 10 10 5 5 5 5 Final Carried 10 | 8 8 10 10 10 10 10 10 10 9 10 10 9 10 10 10 8 5 5 5 5 Class Distribution -------------------- 23% | Mutant 17% | Commander-Gladiator 16% | Scavenger-Skirmisher 9% | Scavenger-Mutant 6% | Gladiator 6% | Scavenger-Assassin 4% | Bothacker-Mutant 3% | Infiltrator-Gladiator Dominant Class ---------------- Mutant | -10/Materials Mutant | -10/Mines Scavenger-Skirmisher | -9/Materials Scavenger-Skirmisher | -9/Mines Scavenger-Skirmisher | -9/Exiles Scavenger-Skirmisher | -8/Mines Scavenger-Assassin | -8/Materials Mutant | -7/Factory Gladiator | -7/Garrison Infiltrator-Gladiator | -7/Factory Gladiator | -7/Garrison Commander-Gladiator | -6/Factory Commander-Gladiator | -6/Garrison Commander-Gladiator | -6/Factory Scavenger-Mutant | -6/Garrison Bothacker-Gladiator | -5/Factory Bothacker-Mutant | -5/Upper Caves Scavenger-Gunner | -5/Upper Caves Derelict-Mutant | -5/Warlord Mutant | -4/Proximity Caves Resources | -11 -10 -10 -9 -9 -9 -8 -8 -7 -7 -7 -7 -6 -6 -6 -6 -5 -5 -5 -5 -4 ----------- Run | Yrd Mat Min Mat Min Exi Min Mat Fac Gar Fac Gar Fac Gar Fac Gar Fac Upp Upp War Pro Matter Collected 4095 | 239 149 71 140 76 . 20 462 305 324 55 353 73 546 151 577 162 150 232 . 10 Remotely . | . . . . . . . . . . . . . . . . . . . . . Salvage Created 6089 | 121 138 109 245 134 . 69 894 350 542 115 863 106 689 59 1041 241 159 214 . . Parts 355 | 8 8 17 15 16 . 6 61 26 31 9 40 7 32 2 41 17 4 15 . . Haulers Intercepted 5 | . . . 1 . . . 2 2 . . . . . . . . . . . . Recyclers Shooed 3 | 1 1 . 1 . . . . . . . . . . . . . . . . . Parts Field Recycled . | . . . . . . . . . . . . . . . . . . . . . Retrieved Matter . | . . . . . . . . . . . . . . . . . . . . . Parts Self-Destructed 19 | . . . . . . . . . . . . . . . . . 6 13 . . Prevented 5 | . . . . . . . . . . . . . . . . . . 5 . . Parts Restored . | . . . . . . . . . . . . . . . . . . . . . Kills | -11 -10 -10 -9 -9 -9 -8 -8 -7 -7 -7 -7 -6 -6 -6 -6 -5 -5 -5 -5 -4 ------- Run | Yrd Mat Min Mat Min Exi Min Mat Fac Gar Fac Gar Fac Gar Fac Gar Fac Upp Upp War Pro Combat Hostiles Destroyed 124 | . 5 4 5 4 . 4 13 5 20 1 13 1 15 1 19 2 4 8 . . Melee 51 | . . . . . . . 4 . 6 1 13 1 7 1 13 2 3 . . . Guns 38 | . 5 4 5 3 . 4 5 3 1 . . . . . 5 . . 3 . . AOE 31 | . . . . 1 . . 2 2 12 . . . 8 . 1 . . 5 . . Classes Destroyed 16 | 2 2 3 2 . . . 1 . 2 1 3 . . . . . . . . . Worker 12 | . . 2 . 1 . . 1 2 . . . . . . . 6 . . . . Builder 5 | . . 1 . . . . 3 1 . . . . . . . . . . . . Tunneler 7 | 2 . 2 . 1 . . . 1 . 1 . . . . . . . . . . Hauler 5 | . . . 1 . . . 2 2 . . . . . . . . . . . . Recycler 3 | 1 . . . . . . 2 . . . . . . . . . . . . . Operator 3 | . . . . . . . . . . 2 . . 1 . . . . . . . Watcher 7 | . . . . . . . 2 1 . . . 2 1 . . 1 . . . . Swarmer 54 | . 3 3 1 3 . 4 4 4 7 . . . 12 . 2 . 3 8 . . Grunt 42 | . 2 . 3 . . . 5 1 10 . 4 . 6 1 10 . . . . . Brawler 1 | . . . . . . . . . 1 . . . . . . . . . . . Duelist 3 | . . . . . . . . . . . 3 . . . . . . . . . Sentry 13 | . . . 1 1 . . 4 . 1 1 . . 1 . 3 . 1 . . . Specialist 1 | . . . . . . . . . . . 1 . . . . . . . . . Hunter 4 | . . . . . . . . . . . 1 . . . 3 . . . . . Programmer 9 | . . . . . . . . . 1 . 4 1 . . 1 2 . . . . Assembled 1 | . . 1 . . . . . . . . . . . . . . . . . . Best Kill Streak 7 | 2 3 3 3 3 . 4 6 4 4 2 3 1 7 1 3 6 1 4 . . Combat Bots Only 7 | . 3 3 2 3 . 4 4 4 4 1 3 1 7 1 3 2 1 4 . . Max Kills in Single Turn 6 | 1 1 1 1 2 . 2 4 2 2 1 1 1 6 1 1 1 1 3 . . Gunslinging 1 | . . . . . . 1 . . . . . . . . . . . . . . Exploded 4 | . . . . 1 . . 1 1 2 . . . 4 . 1 . . 3 . . Melee 1 | . . . . . . . 1 . 1 1 1 1 1 1 1 1 1 . . . Uniques/NPCs Destroyed . | . . . . . . . . . . . . . . . . . . . . . Combat | -11 -10 -10 -9 -9 -9 -8 -8 -7 -7 -7 -7 -6 -6 -6 -6 -5 -5 -5 -5 -4 -------- Run | Yrd Mat Min Mat Min Exi Min Mat Fac Gar Fac Gar Fac Gar Fac Gar Fac Upp Upp War Pro Hostile Shots Fired 849 | . 24 20 39 3 . 14 29 9 55 45 38 . 72 28 253 25 87 86 . 22 Missed 285 | . 6 6 14 1 . 2 6 2 20 20 17 . 29 9 75 8 27 35 . 8 Hits 564 | . 18 14 25 2 . 12 23 7 35 25 21 . 43 19 178 17 60 51 . 14 Melee 4 | . . . . . . . . . . . 4 . . . . . . . . . Projectile 560 | . 18 14 25 2 . 12 23 7 35 25 17 . 43 19 178 17 60 51 . 14 Critical Strikes 9 | . . . . . . . . . . . 1 . 3 . 1 2 2 . . . Damage Taken 8407 | . 186 123 273 32 . 89 344 150 476 187 428 . 982 160 2450 377 944 831 40 335 Core 1958 | . 20 39 41 10 . 37 18 14 52 39 77 . 185 47 365 108 203 402 13 288 Absorbed by Shields 178 | . . . . . . . . . 14 . . . 44 . . . 120 . . . Redirected to Shielding 27 | . . . . . . . . . . . . . . . . . . . . 27 Ignored by Resistances 43 | . . . . . . . . . . . . . . . 33 . . 10 . . Regen/Repaired (Parts) 196 | . . . . . . . . . 10 . . 161 16 . 9 . . . . . Core Remaining (%) 75 | 100 . 76 . . . 78 96 . . . 74 . . . 29 . . . . . Volleys Fired 297 | 9 32 15 28 6 . 3 19 6 26 1 37 2 19 13 45 10 6 20 . . Largest 3 | 2 2 2 2 2 . 2 3 3 1 1 1 1 1 1 2 1 1 3 . . Hottest 160 | 90 150 115 115 110 . 90 135 135 55 5 55 7 50 55 160 7 33 92 . . Shots Fired 434 | 12 55 27 56 12 . 6 41 14 26 1 37 2 19 13 68 10 6 29 . . Gun 302 | 12 42 27 56 10 . 6 32 14 13 . 1 . . 5 53 . 4 27 . . Cannon 7 | . . . . . . . 7 . . . . . . . . . . . . . Launcher 29 | . . . . 2 . . 2 . 13 . . . 4 1 5 . . 2 . . Special 96 | . 13 . . . . . . . . 1 36 2 15 7 10 10 2 . . . Kinetic 67 | . 3 1 . . . . 7 . . . . . . . 25 . 4 27 . . Thermal 146 | 9 36 26 56 4 . . . . . . . . . . 15 . . . . . Explosive 19 | . . . . 2 . . 2 . 13 . . . 2 . . . . . . . Electromagnetic 119 | 3 16 . . 6 . 6 32 14 13 . 1 . 2 6 18 . . 2 . . Robot Hit Streak 14 | 8 11 5 9 4 . 4 14 5 5 2 11 5 8 8 7 5 1 4 . . Robot Miss Streak 16 | 1 2 4 6 2 . 3 2 5 3 . 1 . 16 1 3 1 3 6 . . Penetration Max . | . . . . . . . . . . . . . . . . . . . . . Secondary Targets 3 | . . 1 . . . 1 . . . . . . . . . . . 1 . . Max Gunslinging Chain 1 | . . 1 . . . 1 . . . . . . . . . . . 1 . . Shots Hit Robots 501 | 9 25 14 36 8 . 5 54 13 40 10 88 6 37 6 94 22 21 13 . . Core Hits 249 | 4 9 9 14 7 . 4 30 14 31 4 19 3 39 1 35 9 3 14 . . Critical Kills 1 | . . . . . . . . . . . . . . . 1 . . . . . Critical Parts Destroyed 1 | . . . . . . . . . . . . . . . . . 1 . . . Critical Strikes 31 | . 4 1 . 1 . . 5 . 3 . 3 . 3 . 6 2 3 . . . Burn 5 | . 3 1 . 1 . . . . . . . . . . . . . . . . Destroy 2 | . . . . . . . . . . . . . . . 1 . 1 . . . Corrupt 1 | . 1 . . . . . . . . . . . . . . . . . . . Sever 22 | . . . . . . . 5 . 3 . 3 . 3 . 5 2 1 . . . Impale 1 | . . . . . . . . . . . . . . . . . 1 . . . Melee Attacks 434 | . . . . . . . 33 19 66 18 97 15 64 8 71 19 24 . . . Impact 2 | . . . . . . . . . 2 . . . . . . . . . . . Slashing 403 | . . . . . . . 33 19 53 18 97 15 62 7 69 18 12 . . . Piercing 18 | . . . . . . . . . . . . . 2 1 2 1 12 . . . Sneak Attacks 34 | . . . . . . . 7 6 10 2 . . 2 . 1 6 . . . . Combat Hostiles 2 | . . . . . . . . . . . . . 1 . 1 . . . . . Follow-up Attacks 12 | . . . . . . . . . . 2 6 . . . 2 . 2 . . . Damage Inflicted 19209 | 117 309 232 569 155 . 48 2206 1031 2205 521 3175 198 2454 130 3662 1003 850 344 . . Guns 2934 | 117 309 212 560 98 . 48 516 85 61 . . . . . 675 . 25 228 . . Cannons 159 | . . . . . . . 159 . . . . . . . . . . . . . Explosions 3675 | . . . . 57 . . 183 241 1325 . . . 1223 86 444 . . 116 . . Melee 12412 | . . . . . . . 1348 705 819 521 3175 198 1231 44 2543 1003 825 . . . Ramming 29 | . . 20 9 . . . . . . . . . . . . . . . . . Kinetic 666 | . 6 . . . . . 159 . . . . . . . 248 . 25 228 . . Thermal 1891 | 102 161 212 560 33 . . . 241 . . . . 187 86 309 . . . . . Explosive 2560 | . . . . 57 . . 183 . 1325 . . . 871 . 124 . . . . . Electromagnetic 1651 | 15 142 . . 65 . 48 516 85 61 . . . 165 . 438 . . 116 . . Impact 48 | . . . . . . . . . 48 . . . . . . . . . . . Slashing 12053 | . . . . . . . 1348 705 771 521 3175 198 1231 44 2475 1003 582 . . . Piercing 311 | . . . . . . . . . . . . . . . 68 . 243 . . . Highest Corruption 1 | . . . . . . . . 1 . . . . . . 1 1 1 1 1 . Average Corruption 1 | . . . . . . . . 1 . . . . . . 1 1 1 1 1 . Corruption Purged 1 | . . . . . . . . 1 . . . . . . . . . . . . Corruption Blocked . | . . . . . . . . . . . . . . . . . . . . . Effects 9 | . . . . . . . . . . . . . . . 3 1 3 2 . . Message Errors 2 | . . . . . . . . . . . . . . . . 1 1 . . . Matter Fused 3 | . . . . . . . . . . . . . . . 1 . 1 1 . . Heat Flow Errors 1 | . . . . . . . . . . . . . . . 1 . . . . . Energy Discharges 2 | . . . . . . . . . . . . . . . . . 1 1 . . Data Loss (minor) 1 | . . . . . . . . . . . . . . . 1 . . . . . Overload Shots . | . . . . . . . . . . . . . . . . . . . . . Overflow Damage 843 | . . . . . . . 180 195 15 126 88 3 39 . 108 41 48 . . . Projectiles 41 | . . . . . . . 41 . . . . . . . . . . . . . Explosions 37 | . . . . . . . . 35 2 . . . . . . . . . . . Melee 765 | . . . . . . . 139 160 13 126 88 3 39 . 108 41 48 . . . Knockbacks 1 | . . . . . . . 1 . . . . . . . . . . . . . Impact . | . . . . . . . . . . . . . . . . . . . . . Kinetic 1 | . . . . . . . 1 . . . . . . . . . . . . . Secondary . | . . . . . . . . . . . . . . . . . . . . . Self-Inflicted Damage 426 | . . . . . . . . 47 . . . . 270 . 89 . . 20 . . Shots 19 | . . . . . . . . 1 . . . . 14 . 3 . . 1 . . Rammed 4 | . . 4 . . . . . . . . . . . . . . . . . . Targets Rammed 6 | . . 5 1 . . . . . . . . . . . . . . . . . Kicked 1 | . . . 1 . . . . . . . . . . . . . . . . . Crushed 1 | . . 1 . . . . . . . . . . . . . . . . . . Highest Temperature 281 | 80 90 108 198 84 . . 99 48 72 . 18 . 12 14 138 . 3 16 281 . Average Temperature 39 | 37 32 35 56 28 . . 33 30 16 . 7 . 12 12 27 . 3 12 141 . Received Heat Transfer 1406 | . 69 . 78 . . . 162 . 183 54 63 . 158 57 384 45 117 36 . . Effects 2 | . . . . . . . . . . . . . . . . . . . 2 . Interference 2 | . . . . . . . . . . . . . . . . . . . 2 . Siege Activations . | . . . . . . . . . . . . . . . . . . . . . Martial Activations . | . . . . . . . . . . . . . . . . . . . . . Shielding Activations . | . . . . . . . . . . . . . . . . . . . . . Robots Disrupted 3 | . . . . . . . 1 . . . . . . . 2 . . . . . Combat Hostiles 1 | . . . . . . . 1 . . . . . . . . . . . . . Robots Corrupted 3 | . . . . . . . 2 . 1 . . . . . . . . . . . Combat Hostiles 3 | . . . . . . . 2 . 1 . . . . . . . . . . . Parts Fried 10 | . . . . . . . 8 . 1 . . . . . 1 . . . . . Impact Corruptions 1 | . . . . . . . . . 1 . . . . . . . . . . . Robots Melted . | . . . . . . . . . . . . . . . . . . . . . Combat Hostiles . | . . . . . . . . . . . . . . . . . . . . . Parts Melted 9 | . 3 1 2 1 . . . . . . . . . . 1 . 1 . . . Heat Transferred 4406 | 296 703 629 1480 148 . . . 200 . . . . 200 50 700 . . . . . Parts Sabotaged . | . . . . . . . . . . . . . . . . . . . . . Parts Stolen . | . . . . . . . . . . . . . . . . . . . . . Parts Stripped . | . . . . . . . . . . . . . . . . . . . . . Power Chain Reactions 4 | . . . . . . . . 1 . . . . 2 . 1 . . . . . Alert | -11 -10 -10 -9 -9 -9 -8 -8 -7 -7 -7 -7 -6 -6 -6 -6 -5 -5 -5 -5 -4 ------- Run | Yrd Mat Min Mat Min Exi Min Mat Fac Gar Fac Gar Fac Gar Fac Gar Fac Upp Upp War Pro Maximum Alert Level 4 | . . . . . . . . 2 3 2 3 2 4 2 4 2 . . . . Low Security (%) 44 | 100 100 100 100 100 . 100 100 35 . . . 32 7 . . . . . . . Level 1 13 | . . . . . . . . 64 37 31 36 30 5 6 12 . . . . . Level 2 27 | . . . . . . . . . 40 68 33 37 31 93 40 100 . . . . Level 3 11 | . . . . . . . . . 22 . 29 . 48 . 31 . . . . . Level 4 2 | . . . . . . . . . . . . . 7 . 14 . . . . . Level 5 . | . . . . . . . . . . . . . . . . . . . . . High Security . | . . . . . . . . . . . . . . . . . . . . . Max Security . | . . . . . . . . . . . . . . . . . . . . . Peak Influence 1235 | 5 75 91 156 94 . 105 170 400 879 503 879 462 1176 617 1235 648 . . . . Initial 648 | . . 12 5 56 . . 25 60 202 461 255 461 114 617 272 648 . . . . Average 338 | . 15 12 64 14 . 79 99 229 524 423 553 310 704 474 706 560 . . . . Influence Increases 7025 | 15 165 118 355 145 . 105 518 523 737 152 694 258 1272 146 1313 167 132 180 . 30 Destroy 0b10 Robot/C 3440 | . 100 60 220 100 . 80 260 120 400 80 300 80 700 60 560 40 120 160 . . Destroy 0b10 Robot/NC 235 | 15 . 25 15 10 . . 50 35 . 15 10 10 10 5 . 35 . . . . Destroy Leader 396 | . 20 10 56 10 . 10 68 26 10 20 10 24 30 10 50 12 10 20 . . Allied During Kill 647 | . . 23 47 2 . . . 3 12 . 126 57 292 26 57 . 2 . . . Successful Hack 231 | . 5 . 16 . . . 47 44 14 14 . 62 . . . 29 . . . . Disable Machine 225 | . 15 . . 15 . 15 30 90 30 . . 15 . 15 . . . . . . Anti-Garrison Action 900 | . . . . . . . . 150 150 . 150 . 100 . 350 . . . . . Destroy Structure 531 | . 10 . 1 8 . . 33 55 106 8 68 10 110 30 86 6 . . . . Partial Spotted 30 | . . . . . . . . . 15 . . . . . . 15 . . . . Lose Combat Pursuer 390 | . 15 . . . . . 30 . . 15 30 . 30 . 210 30 . . . 30 Influence Decreases 6995 | 15 133 135 224 233 58 40 449 368 147 666 180 974 259 933 467 845 621 228 20 . Entered New Map 2878 | . . 20 10 90 58 . 40 74 87 418 110 418 49 559 117 587 207 14 20 . Time Decay 2567 | 15 123 115 154 123 . 40 399 254 . 198 . 286 . 214 . 238 254 154 . . Lost Part 590 | . 10 . . . . . 10 20 50 10 10 . 90 10 160 20 140 60 . . Lost Ally 660 | . . . 60 20 . . . 20 10 40 60 120 120 . 190 . 20 . . . Purge Threat 300 | . . . . . . . . . . . . 150 . 150 . . . . . . Squads Dispatched 17 | . 2 . 1 . . . 1 5 . 4 . 1 . . . 3 . . . . Investigation 3 | . . . 1 . . . . 2 . . . . . . . . . . . . Extermination 3 | . . . . . . . . 1 . . . 1 . . . 1 . . . . Reinforcement 4 | . 2 . . . . . 1 . . 1 . . . . . . . . . . Assault 4 | . . . . . . . . 2 . . . . . . . 2 . . . . Garrison 3 | . . . . . . . . . . 3 . . . . . . . . . . Intercept . | . . . . . . . . . . . . . . . . . . . . . Searches Triggered . | . . . . . . . . . . . . . . . . . . . . . Construction Impeded 1 | . . . . . . . 1 . . . . . . . . . . . . . Haulers Reinforced . | . . . . . . . . . . . . . . . . . . . . . Active Scanning Responses . | . . . . . . . . . . . . . . . . . . . . . Cargo Convoy Interrupts . | . . . . . . . . . . . . . . . . . . . . . Stealth | -11 -10 -10 -9 -9 -9 -8 -8 -7 -7 -7 -7 -6 -6 -6 -6 -5 -5 -5 -5 -4 --------- Run | Yrd Mat Min Mat Min Exi Min Mat Fac Gar Fac Gar Fac Gar Fac Gar Fac Upp Upp War Pro Distress Signals 5 | . 2 . 1 . . . 1 . . . . . . . . 1 . . . . Communications Jammed . | . . . . . . . . . . . . . . . . . . . . . Distress Signals . | . . . . . . . . . . . . . . . . . . . . . Times Spotted 244 | . 12 5 12 6 . 4 20 5 18 4 27 4 41 5 39 13 9 16 . 4 Peak Tracking Total 8 | . 4 3 3 3 . 4 4 4 4 2 7 1 7 3 4 7 4 8 . 3 Tactical Retreats 18 | . 1 . . . . . 2 . . 1 2 . 1 . 8 2 . . . 1 Traps | -11 -10 -10 -9 -9 -9 -8 -8 -7 -7 -7 -7 -6 -6 -6 -6 -5 -5 -5 -5 -4 ------- Run | Yrd Mat Min Mat Min Exi Min Mat Fac Gar Fac Gar Fac Gar Fac Gar Fac Upp Upp War Pro Traps Triggered 23 | . . . 1 . . . . . 3 . 4 . 9 . 5 . . . 1 . Indirectly . | . . . . . . . . . . . . . . . . . . . . . Trap Hack Attempts . | . . . . . . . . . . . . . . . . . . . . . Triggered . | . . . . . . . . . . . . . . . . . . . . . Disarmed . | . . . . . . . . . . . . . . . . . . . . . Reprogrammed . | . . . . . . . . . . . . . . . . . . . . . Reused . | . . . . . . . . . . . . . . . . . . . . . Traps Extracted . | . . . . . . . . . . . . . . . . . . . . . Installed . | . . . . . . . . . . . . . . . . . . . . . Triggered . | . . . . . . . . . . . . . . . . . . . . . Machines | -11 -10 -10 -9 -9 -9 -8 -8 -7 -7 -7 -7 -6 -6 -6 -6 -5 -5 -5 -5 -4 ---------- Run | Yrd Mat Min Mat Min Exi Min Mat Fac Gar Fac Gar Fac Gar Fac Gar Fac Upp Upp War Pro Machines Disabled 29 | . 1 . 1 1 . 1 2 7 4 . 4 1 1 1 5 . . . . . Max in Single Turn 5 | . 1 . 1 1 . 1 1 5 1 . 1 . 1 1 2 . . . . . Garrison Access 1 | . . . . . . . . 1 . . . . . . . . . . . . Garrison Relay 9 | . . . . . . . . . 2 . 3 . 1 . 3 . . . . . Phase Generator 1 | . . . . . . . . . . . . . . . 1 . . . . . Machines Repaired . | . . . . . . . . . . . . . . . . . . . . . Machines Dismantled . | . . . . . . . . . . . . . . . . . . . . . Machines Sabotaged . | . . . . . . . . . . . . . . . . . . . . . Overloaded Fab Kills . | . . . . . . . . . . . . . . . . . . . . . Hacking | -11 -10 -10 -9 -9 -9 -8 -8 -7 -7 -7 -7 -6 -6 -6 -6 -5 -5 -5 -5 -4 --------- Run | Yrd Mat Min Mat Min Exi Min Mat Fac Gar Fac Gar Fac Gar Fac Gar Fac Upp Upp War Pro Machines Accessed 49 | . 4 . 3 . 3 . 5 8 3 6 . 8 2 2 2 3 . . . . Terminals 33 | . 3 . 3 . . . 4 3 3 4 . 5 2 1 2 3 . . . . Fabricators 4 | . . . . . . . . 3 . . . 1 . . . . . . . . Repair Stations 1 | . . . . . . . . . . . . 1 . . . . . . . . Recycling Units 3 | . 1 . . . . . 1 . . 1 . . . . . . . . . . Scanalyzers . | . . . . . . . . . . . . . . . . . . . . . Garrison Access 5 | . . . . . . . . 2 . 1 . 1 . 1 . . . . . . Total Hacks 121 | . 10 . 7 . 17 . 12 20 4 10 . 23 4 4 3 7 . . . . Successful 62 | . 2 . 1 . 17 . 7 6 2 5 . 14 1 3 1 3 . . . . Failed 59 | . 8 . 6 . . . 5 14 2 5 . 9 3 1 2 4 . . . . Catastrophic 16 | . 2 . 1 . . . 1 2 . 3 . 4 1 1 1 . . . . . Database Lockouts . | . . . . . . . . . . . . . . . . . . . . . Manual 34 | . 7 . 5 . 1 . 6 . . 5 . 6 . . . 4 . . . . Terminals 77 | . 8 . 7 . . . 11 8 4 7 . 16 4 2 3 7 . . . . Fabricators 6 | . . . . . . . . 4 . . . 2 . . . . . . . . Repair Stations 3 | . . . . . . . . . . . . 3 . . . . . . . . Recycling Units 4 | . 2 . . . . . 1 . . 1 . . . . . . . . . . Scanalyzers . | . . . . . . . . . . . . . . . . . . . . . Garrison Access 14 | . . . . . . . . 8 . 2 . 2 . 2 . . . . . . Terminal Hacks 34 | . . . 1 . 17 . 3 2 2 1 . 4 1 1 1 1 . . . . Record 18 | . . . . . 16 . . . . . . 2 . . . . . . . . Prototype ID Bank 1 | . . . . . . . 1 . . . . . . . . . . . . . Open Door 1 | . . . . . . . . . . . . . . . 1 . . . . . Branch Access Points 2 | . . . 1 . . . 1 . . . . . . . . . . . . . Machine Index 1 | . . . . . . . . . . . . 1 . . . . . . . . Terminal Index 1 | . . . . . . . . . . . . . . . . 1 . . . . Unreport Threat 2 | . . . . . . . . . . . . 1 . 1 . . . . . . Locate Traps 2 | . . . . . . . 1 1 . . . . . . . . . . . . Zone Layout 2 | . . . . . . . . 1 . 1 . . . . . . . . . . Garrison Registry 1 | . . . . . . . . . 1 . . . . . . . . . . . Patrol Navigation 2 | . . . . . . . . . 1 . . . 1 . . . . . . . Proto ID Catalog 1 | . . . . . 1 . . . . . . . . . . . . . . . Fabricator Hacks 4 | . . . . . . . . 3 . . . 1 . . . . . . . . Network Status 2 | . . . . . . . . 1 . . . 1 . . . . . . . . Build 2 | . . . . . . . . 2 . . . . . . . . . . . . Repair Station Hacks 3 | . . . . . . . . . . . . 3 . . . . . . . . Scan Component 2 | . . . . . . . . . . . . 2 . . . . . . . . Repair 1 | . . . . . . . . . . . . 1 . . . . . . . . Recycling Unit Hacks 3 | . 1 . . . . . 1 . . 1 . . . . . . . . . . Report Inventory 3 | . 1 . . . . . 1 . . 1 . . . . . . . . . . Scanalyzer . | . . . . . . . . . . . . . . . . . . . . . Garrison Access Hacks 7 | . . . . . . . . 1 . 2 . 2 . 2 . . . . . . Unlock Access 4 | . . . . . . . . 1 . 1 . 1 . 1 . . . . . . Coupler Status 3 | . . . . . . . . . . 1 . 1 . 1 . . . . . . Unauthorized Hacks 11 | . 1 . . . . . 3 . . 1 . 4 . . . 2 . . . . Terminals 11 | . 1 . . . . . 3 . . 1 . 4 . . . 2 . . . . Assimilate 1 | . . . . . . . . . . 1 . . . . . . . . . . Botnet 10 | . 1 . . . . . 3 . . . . 4 . . . 2 . . . . Fabricators . | . . . . . . . . . . . . . . . . . . . . . Repair Stations . | . . . . . . . . . . . . . . . . . . . . . Recycling Units . | . . . . . . . . . . . . . . . . . . . . . Scanalyzers . | . . . . . . . . . . . . . . . . . . . . . Garrison Access . | . . . . . . . . . . . . . . . . . . . . . Data Cores Recovered 2 | . . . . . . . . . . 2 . . . . . . . . . . Used . | . . . . . . . . . . . . . . . . . . . . . Hacking Detections 39 | . 4 . 3 . . . 4 7 1 5 . 8 2 1 1 3 . . . . Full Trace Events 5 | . . . . . . . . 2 1 . . . 1 . 1 . . . . . Feedback Events 1 | . . . . . . . . 1 . . . . . . . . . . . . Corruption 1 | . . . . . . . . 1 . . . . . . . . . . . . Feedback Blocked . | . . . . . . . . . . . . . . . . . . . . . Robot Schematics Acquired . | . . . . . . . . . . . . . . . . . . . . . Robots Built 1 | . . . . . . . . 1 . . . . . . . . . . . . Authchips . | . . . . . . . . . . . . . . . . . . . . . Time 58 | . . . . . . . . 58 . . . . . . . . . . . . Total Robot Build Rating 3 | . . . . . . . . 3 . . . . . . . . . . . . Part Schematics Acquired . | . . . . . . . . . . . . . . . . . . . . . Parts Built . | . . . . . . . . . . . . . . . . . . . . . Authchips . | . . . . . . . . . . . . . . . . . . . . . Time 117 | . . . . . . . . 117 . . . . . . . . . . . . Total Part Build Rating . | . . . . . . . . . . . . . . . . . . . . . Part Studies Acquired . | . . . . . . . . . . . . . . . . . . . . . Parts Repaired 1 | . . . . . . . . . . . . 1 . . . . . . . . Time 19 | . . . . . . . . . . . . 19 . . . . . . . . Parts Recycled . | . . . . . . . . . . . . . . . . . . . . . Recycled Matter . | . . . . . . . . . . . . . . . . . . . . . Retrieved Matter . | . . . . . . . . . . . . . . . . . . . . . Retrieved Components . | . . . . . . . . . . . . . . . . . . . . . Parts Scanalyzed . | . . . . . . . . . . . . . . . . . . . . . Part Schematics Acquired . | . . . . . . . . . . . . . . . . . . . . . Parts Damaged . | . . . . . . . . . . . . . . . . . . . . . Bothacking | -11 -10 -10 -9 -9 -9 -8 -8 -7 -7 -7 -7 -6 -6 -6 -6 -5 -5 -5 -5 -4 ------------ Run | Yrd Mat Min Mat Min Exi Min Mat Fac Gar Fac Gar Fac Gar Fac Gar Fac Upp Upp War Pro Used RIF Installer 4 | . . . . . . . . . 1 . 1 . 1 . 1 . . . . . Watcher Feeds 1 | . . . . . . . . . . . 1 . . . . . . . . . Structural Interface 1 | . . . . . . . . . . . . . . . 1 . . . . . Program Shield 1 | . . . . . . . . . . . . . 1 . . . . . . . Robots Hacked 36 | . . . . . . . . . . . 11 1 9 2 6 6 1 . . . Non-combat 10 | . . . . . . . . . . . . 1 2 1 . 6 . . . . Combat 26 | . . . . . . . . . . . 11 . 7 1 6 . 1 . . . Robot Hacks Applied 42 | . . . . . . . . . . . 13 2 10 4 6 6 1 . . . parse_system 5 | . . . . . . . . . . . 1 1 1 . 1 1 . . . . find_chute 1 | . . . . . . . . . . . . . . . . 1 . . . . map_walls 1 | . . . . . . . . . . . . . . . . 1 . . . . randomize_corridors 1 | . . . . . . . . . . . . . . 1 . . . . . . map_earth 1 | . . . . . . . . . . . . . . 1 . . . . . . map_route 1 | . . . . . . . . . . . . . . . . 1 . . . . mark_security 2 | . . . . . . . . . . . . . . . . 2 . . . . find_shortcuts 1 | . . . . . . . . . . . . . 1 . . . . . . . find_garrison 1 | . . . . . . . . . . . . . . 1 . . . . . . scatter_targeting 1 | . . . . . . . . . . . . . . . 1 . . . . . overload_power 1 | . . . . . . . . . . . . . 1 . . . . . . . amplify_resonance 1 | . . . . . . . . . . . . . 1 . . . . . . . reboot_system 1 | . . . . . . . . . . . 1 . . . . . . . . . go_dormant 1 | . . . . . . . . . . . . . 1 . . . . . . . overwrite_iff 2 | . . . . . . . . . . . 1 . 1 . . . . . . . formatsys_low 1 | . . . . . . . . . . . . . 1 . . . . . . . formatsys_high 20 | . . . . . . . . . . . 10 1 3 1 4 . 1 . . . Relay Couplers Released 43 | . . . . . . . . 1 8 . 15 . 4 . 15 . . . . . Machine Destruction 36 | . . . . . . . . 1 8 . 12 . 4 . 11 . . . . . Programmers 7 | . . . . . . . . . . . 3 . . . 4 . . . . . Attached 15 | . . . . . . . . . . . 6 1 5 . 3 . . . . . Fabnet Peak Effective % . | . . . . . . . . . . . . . . . . . . . . . Robots Rewired 14 | . . . . . . . 1 . 3 . 9 . 1 . . . . . . . Allies Hacked 1 | . . . . . . . . . . . 1 . . . . . . . . . Hacks Repelled . | . . . . . . . . . . . . . . . . . . . . . Allies | -11 -10 -10 -9 -9 -9 -8 -8 -7 -7 -7 -7 -6 -6 -6 -6 -5 -5 -5 -5 -4 -------- Run | Yrd Mat Min Mat Min Exi Min Mat Fac Gar Fac Gar Fac Gar Fac Gar Fac Upp Upp War Pro Total Allies 44 | . . 5 . . . . 1 1 3 . 19 1 6 1 6 . 1 . . . Largest Group 17 | . . 5 5 2 . . 1 1 3 3 16 17 11 6 6 . 1 . . . Highest-Rated Group 407 | . . 84 84 32 . . 16 23 48 48 381 407 212 184 187 . 29 . . . Highest-Rated Ally 46 | . . 31 31 16 . . 16 23 23 16 43 43 43 43 46 . 29 . . . Total Orders 3 | . . . . . . . . . 1 . . . 1 . 1 . . . . . AID 3 | . . . . . . . . . 1 . . . 1 . 1 . . . . . Ally Attacks 305 | . . 5 34 3 . . 3 6 . 18 34 12 104 14 65 . 7 . . . Total Damage 6060 | . . 82 322 47 . . 30 62 . 252 698 191 2106 496 1700 . 74 . . . Kills 54 | . . 2 8 1 . . . 1 . 3 2 3 20 3 9 . 2 . . . Allies Corrupted . | . . . . . . . . . . . . . . . . . . . . . Allies Melted . | . . . . . . . . . . . . . . . . . . . . . Intel | -11 -10 -10 -9 -9 -9 -8 -8 -7 -7 -7 -7 -6 -6 -6 -6 -5 -5 -5 -5 -4 ------- Run | Yrd Mat Min Mat Min Exi Min Mat Fac Gar Fac Gar Fac Gar Fac Gar Fac Upp Upp War Pro Active Infowar (turns) 6996 | 42 416 783 268 839 670 97 884 517 563 405 8 481 10 431 5 403 113 33 28 . Sensors 2520 | . . 783 227 839 670 . 1 . . . . . . . . . . . . . Terrain 2696 | . . . 268 837 670 97 824 . . . . . . . . . . . . . Structural 3063 | . . . . . . . 733 517 . 405 1 455 . 431 5 403 113 . . . Seismic 458 | 42 416 . . . . . . . . . . . . . . . . . . . Decoding 61 | . . . . . . . . . . . . . . . . . . 33 28 . Jamming 881 | . . . . . . . . 36 563 239 7 26 10 . . . . . . . ECM 7 | . . . . . . . . . . 7 . . . . . . . . . . Robot Analysis Total . | . . . . . . . . . . . . . . . . . . . . . Derelict Logs Recovered 5 | . . 2 . 1 . . . . . . . . . . . . 2 . . . Drone Launches . | . . . . . . . . . . . . . . . . . . . . . Drone Recoveries . | . . . . . . . . . . . . . . . . . . . . . Exploration | -11 -10 -10 -9 -9 -9 -8 -8 -7 -7 -7 -7 -6 -6 -6 -6 -5 -5 -5 -5 -4 ------------- Run | Yrd Mat Min Mat Min Exi Min Mat Fac Gar Fac Gar Fac Gar Fac Gar Fac Upp Upp War Pro Turns Passed 12241 | 131 611 1208 343 839 670 97 995 553 808 405 648 636 891 451 1402 509 553 354 49 88 Spaces Moved 10019 | 59 277 683 153 538 558 73 655 886 880 475 631 933 865 313 802 392 306 270 97 173 Core 338 | 6 . . . . . . . . . . . . . . . . 30 32 97 173 Treads 1203 | 53 277 683 36 . . . . . . . . . . . 139 . . 15 . . Legs 2100 | . . . 117 538 558 73 . . . . . . . . 531 283 . . . . Wheels 606 | . . . . . . . 606 . . . . . . . . . . . . . Hover 5762 | . . . . . . . 49 886 880 475 631 933 865 313 132 109 266 223 . . Flight 10 | . . . . . . . . . . . . . . . . . 10 . . . Fastest Speed 38 | 50 160 160 120 120 120 120 52 45 43 40 38 43 45 58 66 72 50 50 50 50 Average Speed 87 | 148 160 160 130 120 120 120 95 46 52 61 45 43 63 80 125 108 146 103 50 50 Slowest Speed 272 | 160 160 160 190 120 120 120 236 48 105 105 103 45 136 136 190 196 272 160 50 50 Overloaded Moves 81 | . . . . . . . . . . 13 68 . . . . . . . . . Propulsion Burnouts . | . . . . . . . . . . . . . . . . . . . . . Robots Hopped . | . . . . . . . . . . . . . . . . . . . . . Potential Cave-ins . | . . . . . . . . . . . . . . . . . . . . . Cave-ins Triggered . | . . . . . . . . . . . . . . . . . . . . . Exploration Rate (%) 43 | 4 59 98 22 97 91 27 57 23 60 13 50 17 64 8 76 14 51 51 17 22 Regions Visited 20 Branch Regions 8 Pre-discovered Areas 2 | . . 1 . 1 . . . . . . . . . . . . . . . . Known Exits Taken 7 | . . 1 1 . 1 . . 1 . 1 . 1 . 1 . . . . . . Unknown Exits Taken 9 | 1 1 . . 1 . 1 1 . . . . . . . . 1 1 1 1 . Scrap Searched 9 | . . 1 . 1 . 1 . . . . . . . . . . 3 2 . 1 Spaces Dug 145 | . 9 . . . . . 10 11 32 8 23 11 20 6 12 3 . . . . Terrain Destroyed 433 | . 10 . . 8 . . 31 67 97 8 23 11 43 43 88 3 . 1 . . Melee 136 | . . . . . . . 10 11 32 8 23 11 20 6 12 3 . . . . Projectile 14 | . 10 . . . . . 4 . . . . . . . . . . . . . AOE 282 | . . . . 8 . . 17 56 65 . . . 23 37 76 . . . . . Terrain Rammed . | . . . . . . . . . . . . . . . . . . . . . Walls Destroyed . | . . . . . . . . . . . . . . . . . . . . . Machines Disabled . | . . . . . . . . . . . . . . . . . . . . . Actions | -11 -10 -10 -9 -9 -9 -8 -8 -7 -7 -7 -7 -6 -6 -6 -6 -5 -5 -5 -5 -4 --------- Run | Yrd Mat Min Mat Min Exi Min Mat Fac Gar Fac Gar Fac Gar Fac Gar Fac Upp Upp War Pro Total 12608 | 86 363 769 240 722 559 76 947 994 1145 574 898 1146 1127 491 1058 455 369 319 96 174 Wait 1213 | 3 35 49 31 165 . . 132 43 119 63 85 173 60 143 69 13 17 13 . . Move 9994 | 58 276 682 152 537 557 72 654 885 878 474 629 932 862 312 800 391 305 269 96 173 Hop . | . . . . . . . . . . . . . . . . . . . . . Pick Up 108 | 7 5 7 6 3 1 . 28 10 5 6 5 3 9 1 7 1 2 2 . . Fast Attach 77 | 7 . . 1 . . . 4 3 1 3 4 2 1 4 23 4 12 7 . 1 Attach 39 | . 1 . 2 . . . 7 4 4 1 1 3 6 . 4 3 1 2 . . Detach 15 | . . . . . . . 2 1 1 1 1 2 1 . 3 2 . 1 . . Swap 172 | 2 9 7 11 6 . 1 41 13 10 3 16 8 13 8 15 7 1 1 . . Drop 116 | . 5 4 8 5 1 . 23 10 2 7 12 5 2 3 17 6 2 4 . . Fire 297 | 9 32 15 28 6 . 3 19 6 26 1 37 2 19 13 45 10 6 20 . . Melee 412 | . . . . . . . 33 19 65 15 87 15 62 7 69 18 22 . . . Ram . | . . . . . . . . . . . . . . . . . . . . . Kick 1 | . . . 1 . . . . . . . . . . . . . . . . . Crush 5 | . . 5 . . . . . . . . . . . . . . . . . . Escape Stasis 144 | . . . . . . . . . 34 . 13 . 91 . 6 . . . . . Rewire 15 | . . . . . . . 4 . . . 8 1 1 . . . 1 . . . Trap . | . . . . . . . . . . . . . . . . . . . . . Miscellaneous . | . . . . . . . . . . . . . . . . . . . . . Route ------- -11/Scrapyard -10/Materials (discovered 2 exits: *Mat / [*Min]) -10/Mines (discovered 2 exits: *Mat x2) -9/Materials (discovered 2 exits: *Min / *Sto) -9/Mines (discovered 3 exits: *Mat x2 / *Exi) -9/Exiles (discovered 2 exits: *Min x2) -8/Mines -8/Materials (discovered 3 exits: *Fac x3) -7/Factory -7/Garrison (discovered 3 exits: *Fac x3) -7/Factory -7/Garrison -6/Factory -6/Garrison (discovered 4 exits: *Fac x4) -6/Factory -6/Garrison (discovered 3 exits: *Fac x3) -5/Factory -5/Upper Caves -5/Upper Caves -5/Warlord -4/Proximity Caves History --------- Turn | Location | Event 7 | -11/Scrapyard | Discovered new exit (range 16) 132 | -11/Scrapyard | Entered Materials 317 | -10/Materials | Build established: Mutant 489 | -10/Materials | Discovered new exit (range 10) 529 | -10/Materials | Discovered new exit (range 9) 743 | -10/Materials | Entered Mines 759 | -10/Mines | Met a Derelict bent on vengeance 787 | -10/Mines | Assembled infested the area 1162 | -10/Mines | Discovered new exit (range 10) 1181 | -10/Mines | Identified exit to Materials 1348 | -10/Mines | Discovered exit to Materials (range 7) 1605 | -10/Mines | Assisted by bots powering up and referring to "LRC-V3" 1951 | -10/Mines | Entered Materials 1951 | -9/Materials | Accompanied by 5 allies 1951 | -9/Materials | Evolved 2 slots: Utility x2 1952 | -9/Materials | Identified exit to Mines 1956 | -9/Materials | Led the pair of lost Derelicts to an unsafe place 2134 | -9/Materials | Discovered new exit (range 13) 2205 | -9/Materials | Identified exit to Storage 2294 | -9/Materials | Entered Mines 2294 | -9/Mines | Accompanied by 2 allies 2375 | -9/Mines | Discovered new exit (range 10) 2505 | -9/Mines | Joined a pair of Derelicts in attacking an 0b10 outpost 2551 | -9/Mines | Learned Materials terminal intel 2567 | -9/Mines | Found a damaged Exp. Sensor Array with a note attached 2570 | -9/Mines | Found Prototype Device 2589 | -9/Mines | Build established: Scavenger-Skirmisher 2777 | -9/Mines | Found a hidden stash of uninstalled traps 2779 | -9/Mines | Discovered new exit (range 11) 2801 | -9/Mines | Learned location of Storage (-9) 3122 | -9/Mines | Discovered new exit (range 11) 3129 | -9/Mines | Deemed a non-threat by the Exiles lab entrance 3133 | -9/Mines | Entered Exiles 3134 | -9/Exiles | Identified exit to Mines 3149 | -9/Exiles | Discovered exit to Mines (range 15) 3186 | -9/Exiles | Met 8R-AWN 3203 | -9/Exiles | Met EX-HEX 3241 | -9/Exiles | Met EX-BIN 3258 | -9/Exiles | Aligned with FarCom system 3259 | -9/Exiles | Given EX-Vault access code 3310 | -9/Exiles | Opened EX-Vault 3320 | -9/Exiles | Found Longsword +1 3346 | -9/Exiles | Warned to stay clear of 0b10 Research branches 3376 | -9/Exiles | Met EX-DEC 3426 | -9/Exiles | Visited The Gauntlet 3803 | -9/Exiles | Left Exiles lab with Longsword +1 3803 | -9/Exiles | Entered Mines 3836 | -8/Mines | Discovered new exit (range 15) 3900 | -8/Mines | Entered Materials 3900 | -8/Materials | Evolved 2 slots: Propulsion x1, Weapon x1 3901 | -8/Materials | Loaded intel: 12 terminal locations 4114 | -8/Materials | Discovered new exit (range 8) 4384 | -8/Materials | Build established: Scavenger-Assassin 4697 | -8/Materials | Discovered new exit (range 13) 4866 | -8/Materials | Identified Exp. Sensor Array 4891 | -8/Materials | Discovered new exit (range 3) 4895 | -8/Materials | Entered Factory 4895 | -7/Factory | Accompanied by 1 ally 4895 | -7/Factory | Evolved 2 slots: Propulsion x1, Utility x1 5163 | -7/Factory | Build established: Mutant 5396 | -7/Factory | Fabricated M-28 Smith (x1) 5429 | -7/Factory | Identified exit to Garrison 5448 | -7/Factory | Entered Garrison 5448 | -7/Garrison | Accompanied by 1 ally 5468 | -7/Garrison | Triggered checkpoint 5746 | -7/Garrison | Triggered checkpoint 5750 | -7/Garrison | Triggered checkpoint 5870 | -7/Garrison | Discovered new exit (range 11) 5884 | -7/Garrison | Triggered checkpoint 5932 | -7/Garrison | Triggered checkpoint 6067 | -7/Garrison | Discovered new exit (range 68) 6067 | -7/Garrison | Discovered new exit (range 37) 6067 | -7/Garrison | Discovered new exit (range 24) 6070 | -7/Garrison | Build established: Gladiator 6124 | -7/Garrison | Installed Relay Interface Framework 6139 | -7/Garrison | Lost 3 parts (1p2n) 6221 | -7/Garrison | Garrison Relay disabled 6256 | -7/Garrison | Entered Factory 6256 | -7/Factory | Accompanied by 3 allies 6317 | -7/Factory | Garrison activated, responded to threat 6577 | -7/Factory | Build established: Infiltrator-Gladiator 6661 | -7/Factory | Identified exit to Garrison 6661 | -7/Factory | Entered Garrison 6677 | -7/Garrison | Garrison Relay disabled 6681 | -7/Garrison | Triggered checkpoint 6708 | -7/Garrison | Expanded RIF knowledge: Watcher Feeds 6863 | -7/Garrison | Triggered checkpoint 6883 | -7/Garrison | Garrison Relay disabled 6955 | -7/Garrison | Triggered checkpoint 6961 | -7/Garrison | Triggered checkpoint 6961 | -7/Garrison | Build established: Gladiator 6983 | -7/Garrison | Triggered checkpoint 7008 | -7/Garrison | Garrison Relay disabled 7157 | -7/Garrison | Triggered checkpoint 7245 | -7/Garrison | Discovered new exit (range 10) 7292 | -7/Garrison | Build established: Commander-Gladiator 7309 | -7/Garrison | Entered Factory 7309 | -6/Factory | Accompanied by 16 allies 7309 | -6/Factory | Evolved 2 slots: Utility x2 7418 | -6/Factory | Repaired Hrd. Medium Armor Plating 7607 | -6/Factory | Identified exit to Garrison 7828 | -6/Factory | Found Prototype Launcher 7828 | -6/Factory | Identified Scatter Rocket Array 7945 | -6/Factory | Entered Garrison 7945 | -6/Garrison | Accompanied by 11 allies 8005 | -6/Garrison | Triggered checkpoint 8007 | -6/Garrison | Spotted B-75 Beast 8008 | -6/Garrison | Triggered checkpoint 8008 | -6/Garrison | Triggered checkpoint 8033 | -6/Garrison | Destroyed 7 combat bots 8033 | -6/Garrison | Allies destroyed B-75 Beast 8043 | -6/Garrison | Lost 7 allies 8057 | -6/Garrison | Lost 3 parts (1p1n1u) 8139 | -6/Garrison | Garrison Relay disabled 8163 | -6/Garrison | Discovered new exit (range 12) 8222 | -6/Garrison | Discovered new exit (range 5) 8355 | -6/Garrison | Lost 3 parts (1n1u1w) 8433 | -6/Garrison | Discovered new exit (range 12) 8599 | -6/Garrison | Lost 3 parts (2n1u) 8720 | -6/Garrison | Discovered new exit (range 12) 8721 | -6/Garrison | Triggered checkpoint 8780 | -6/Garrison | Expanded RIF knowledge: Program Shield 8793 | -6/Garrison | Triggered checkpoint 8836 | -6/Garrison | Entered Factory 8836 | -6/Factory | Accompanied by 5 allies 9137 | -6/Factory | Identified exit to Garrison 9287 | -6/Factory | Entered Garrison 9287 | -6/Garrison | Accompanied by 6 allies 9418 | -6/Garrison | Spotted B-75 Beast 9435 | -6/Garrison | Allies destroyed B-75 Beast 9489 | -6/Garrison | Lost 5 allies 9647 | -6/Garrison | Triggered checkpoint 9731 | -6/Garrison | Lost 3 parts (1n1u1w) 9770 | -6/Garrison | Phase Generator disabled 9775 | -6/Garrison | Build established: Scavenger-Mutant 9782 | -6/Garrison | Core integrity fell below 50% 9826 | -6/Garrison | Lost 7 parts (3n2u2w) 9934 | -6/Garrison | Discovered new exit (range 7) 9967 | -6/Garrison | Triggered checkpoint 10064 | -6/Garrison | Garrison Relay disabled 10093 | -6/Garrison | Rescued a captive Derelict 10100 | -6/Garrison | Rescued a captive Derelict 10163 | -6/Garrison | Triggered checkpoint 10172 | -6/Garrison | Triggered checkpoint 10189 | -6/Garrison | Triggered checkpoint 10233 | -6/Garrison | Lost 3 allies 10349 | -6/Garrison | Discovered new exit (range 11) 10407 | -6/Garrison | P-70 Sage assimilated allied Soldier 5b 10457 | -6/Garrison | Garrison Relay disabled 10544 | -6/Garrison | Discovered new exit (range 11) 10587 | -6/Garrison | Triggered checkpoint 10615 | -6/Garrison | Expanded RIF knowledge: Structural Interface 10624 | -6/Garrison | Garrison Relay disabled 10689 | -6/Garrison | Entered Factory 10689 | -5/Factory | Evolved 2 slots: Power x1, Propulsion x1 10989 | -5/Factory | First assault squad dispatched 11153 | -5/Factory | Discovered new exit (range 13) 11198 | -5/Factory | Entered Upper Caves 11260 | -5/Upper Caves | Learned location of 1 exit from Factory 11301 | -5/Upper Caves | Attracted the attention of an 0b10 checkpoint 11355 | -5/Upper Caves | Lost 6 parts (2n2u2w) 11522 | -5/Upper Caves | Lost 4 parts (1p3n) 11631 | -5/Upper Caves | Build established: Bothacker-Mutant 11685 | -5/Upper Caves | Lost 4 parts (2n2w) 11697 | -5/Upper Caves | Released all parts (9) 11701 | -5/Upper Caves | Learned 12 Factory zone layouts 11744 | -5/Upper Caves | Discovered new exit (range 13) 11751 | -5/Upper Caves | Entered another Upper Caves area 11807 | -5/Upper Caves | Lost 3 parts (1u2w) 12076 | -5/Upper Caves | Attracted the attention of an 0b10 base 12089 | -5/Upper Caves | Core integrity fell below 50% 12103 | -5/Upper Caves | Discovered new exit (range 6) 12105 | -5/Upper Caves | Entered Warlord 12123 | -5/Warlord | System corruption cleaned by Quarantine Array 12126 | -5/Warlord | RIF detected upon attempting to enter Warlord's base 12126 | -5/Warlord | Attacked by Warlord forces 12148 | -5/Warlord | Discovered new exit (range 14) 12154 | -5/Warlord | Entered Proximity Caves 12189 | -4/Proximity Caves | Spotted B-86 Titan 12208 | -4/Proximity Caves | Core integrity fell below 20% 12242 | -4/Proximity Caves | Destroyed by G-67 Veteran with Plasma Rifle Last Messages --------------- 12131_ Imp. Melee Analysis Suite destroyed. 12131_ Imp. Thermal Shield destroyed. 12133_ Overheating: System interference. 12133_ 0b10 Decoder Chip [Scout] temporarily disabled. 12148_ EXIT=FOUND LOCATION=UNKNOWN GOAL=ESCAPE 12156_ Searching scrap... 12156_ Found Mak. Core Shielding. 12156_ Found 54 Matter. 12157_ Acquired Mak. Core Shielding. 12158_ Acquired 10 matter. 12165_ Slug penetrates Wall. 12166_ Penetrated by Slug. 12200_ Slug penetrates Wall. 12200_ Penetrated by Slug. 12200_ VTOL Module destroyed. 12207_ Knocked back. 12210_ Penetrated by Slug. Map ----- +----------------------------------------------------+ | ?????????????????????????????????????????????????? | | ?????????????????????????????????????????????????? | | ?????????????????????????????????????????????????? | | ?????????????????????????????????????????????????? | | ?????????????????????????????????????????????????? | | ?????????????????????????????????????????????????? | | ?????????????????????????????????????????????????? | | ?????????????????????????????????????????????????? | | ?????????????????????????????????????????????????? | | ?????????????????????????????????????????????????? | | ?????????????????????????????????????????????????? | | ?????????????????????????????????????????????????? | | ?????????????#####???????????????????????????????? | | ??###???????## ##??????????????????????????????? | | ??# ##???#### #??????????????????????????????? | | ??# ##### #??????????????????????????????? | | ### ##?????????????????????????????? | | ####??????????????????????????? | | #???????????? ?????????????? | | ### #???????????? #????????????? | | ??# #???????????? ##???????????? | | ??# ### #??????????? #???????????? | | ?# ## #?# #??????????? #???????????? | | ?# #### #?# #########?? #???????????? | | ?## #??## ##?# ## ## ### #???????????? | | ??# ##### ## # # @ #???????????? | | ??# ### ## ## #???????????? | | ?# ##?# %! ## g #??????????? | | ## #???##### ### ?????????? | | ###????????## ##?# ## ?????????? | | ##?????????## ##??## ## #???????? | | ######?????## #?##### #???????? | | %"######### #?# ## #????????????? | | ### #?# #?# #????????????? | | ## #?# #### #?? #????????????? | | ## #?? #??# #??? #???????????? | | #### #####?# #??# #???? ????????????? | | ???# ##????# #??# #???? ??????????????? | | ???### ##???# #??# #????????????????????? | | ?????### #???# #?## #????????????????????? | | ######### #???# ### #????????????????????? | | # ###??## ## #????????????????????? | | ###### # #????# % #????????????????????? | | ##????# ####????# #????????????????????? | | ##????# ##?????## ## #????????????????????? | | #???## ##????# ## ##????????????????????? | | #??## # ###### #####?????????????????????? | | ####### # # #?????????????????????????? | | ???# ##### ##?????????????????????????? | | ???## # ### ##???####??????????????????????????? | +----------------------------------------------------+ Best States ------------- Heat Dissipation 75 Energy Generation 34 Energy Capacity 315 Matter Stores 300 Matter Capacity 300 Sight Range 16 Robot Scan Range 14 Terrain Scan Range 16 Terrain Scan Density 135 ECM Strength 2 Jamming Range 12 Additional Mass Support 9 Armor Coverage 375 Resistance: TH 20 Core Shielding 10 Melee Speed Boost 20 Evasion (%) 67 Melee Accuracy 14 Recoil Reduction 3 Relay Coupler Types 2 Relay Coupler Value 54 Item Schematics ----------------- None Robot Schematics ------------------ None Fabricated ------------ M-28 Smith | x1 | -7/Factory | Preloaded Repaired ---------- Hrd. Medium Armor Plating | 32% | -6/Factory Studied --------- None Alien Tech Used ----------------- None Achievements -------------- Deadly Force Factory Defaults Infiltrator Oppo Buddy Satisfying Versatile Watch This! Challenges ------------ None Game ------ Seed CommComponentAutohacker Manual? 0 Play Time 04:27:47 Cumulative 97.3 hours Start 2026.07.28 @ 14:31:33 End 2026.07.28 @ 19:32:09 Sessions 1 Manual Loads 0 Difficulty Rogue Special Mode None Game No. 40 Rogue 40 Adventurer 0 Explorer 0 Win Type - Total 1 Types 1/0/0/0/0/0/0/0/0/0 Lore% 34 Gallery% 46 Achievement% 40 Wizard Run 0 Options --------- Layout 1 ASCII 0 Keyboard 0 Movement Arrows Keybinds 0 Fullscreen 2 Font 48/Smallcaps Map View 50x35 Zoom Use 0% Tactical HUD 1 Map Filters NONE Filters NONE Steam 1 RUN: 8df72b48-3a73-459e-8b87-aff5e873b3a2